 Dungeon Crawl Stone Soup version 0.14.1 (webtiles) character file.

4020 zercules the Basher (level 9, 0/111 HPs)
             Began as a Deep Dwarf Berserker on Apr 30, 2014.
             Was a High Priest of Trog.
             Succumbed to a killer bee's poison
             ... on Level 7 of the Dungeon.
             The game lasted 00:50:16 (6504 turns).

zercules the Basher (Deep Dwarf Berserker)          Turns: 6504, Time: 00:50:16

HP   0/111       AC 13     Str 26      XL: 9   Next: 87%
MP   7/7         EV  6     Int  9      God: Trog [*****.]
Gold 394         SH  0     Dex 15      Spells:  0 memorised,  8 levels left

rFire  + . .     SeeInvis .     r - +7,+8 demon blade "Bloodbane" {slice, *Rage +Rage Stlth-}
rCold  . . .     Clarity  +     H - +2 plate armour {rF+}
rNeg   . . .     Conserve .     (no shield)
rPois  .         rCorr    .     (no helmet)
rElec  .         rRot     .     x - +0 cloak (curse)
SustAb . .       Spirit   .     (no gloves)
rMut   .         Warding  .     (no boots)
Saprov . . .     Stasis   .     e - amulet of clarity
MR     +....                    (no ring)
                                o - +1 ring of intelligence

@: non-regenerating, berserking, lethally poisoned, drained, very quick,
somewhat resistant to hostile enchantments, extremely unstealthy
A: damage resistance, recharge devices, sense surroundings 2, slow healing 3
a: Device Recharging, Burn Spellbooks, Berserk, Trog's Hand, Brothers in Arms,
Renounce Religion, Evoke Berserk Rage


You were on level 7 of the Dungeon.
You worshipped Trog.
Trog was extremely pleased with you.
You were not hungry.

You visited 1 branch of the dungeon, and saw 7 of its levels.

You collected 394 gold pieces.

Inventory:

Hand weapons
 r - the +7,+8 demon blade "Bloodbane" (weapon) {slice, *Rage +Rage Stlth-}
   (You found it on level 5 of the Dungeon)

   It inflicts extra damage upon your enemies.
   It lets you go berserk.
   It may make you go berserk in combat.
   It makes you less stealthy.
 w - a +3,+1 flail of crushing
 B - a cursed +2,+1 sling
 D - a +2,+0 long sword of holy wrath
Missiles
 b - 44 sling bullets
 p - 20 poisoned arrows
Armour
 x - a cursed +0 cloak (worn)
 H - a +2 plate armour of fire resistance (worn)
Magical devices
 c - a wand of heal wounds (3)
 h - a wand of teleportation (2)
 l - a wand of fireball (5)
 v - a wand of flame (0)
 E - a wand of frost (6)
Comestibles
 d - 3 bread rations
 G - a chunk of rat flesh {@*1}
 I - 18 cheeses
 J - a chunk of rat flesh {@*1}
Scrolls
 a - a scroll of random uselessness {unknown}
 f - 2 scrolls of magic mapping
 i - a scroll of enchant weapon I
 j - a scroll of fog
 y - 2 scrolls of remove curse
 C - a scroll of teleportation {unknown}
 F - a scroll of enchant weapon III {unknown}
Jewellery
 e - an amulet of clarity (around neck)
 g - an uncursed ring of wizardry
 o - a +1 ring of intelligence (left hand)
Potions
 k - a potion of agility {unknown}
 m - a potion of might {unknown}
 n - a potion of heal wounds
 q - 2 potions of restore abilities {unknown}
 s - a potion of cure mutation {unknown}
 t - a potion of mutation {unknown}
 u - 2 potions of berserk rage {unknown}
 z - a potion of invisibility {unknown}
 A - a potion of curing {unknown}


   Skills:
 - Level 2.6(2.4) Fighting
 + Level 7.5(7.3) Long Blades
   Level 9.1(8.9) Axes
 - Level 11.1(10.9) Maces & Flails
 - Level 2.1(1.9) Armour
 - Level 2.1(1.9) Dodging


You had 8 spell levels left.
You didn't know any spells.

Dungeon Overview and Level Annotations

Branches:
Dungeon (7/15)             Temple (0/1) D:7

Altars:
Dithmenos
Elyvilon
Fedhas
Nemelex Xobeh
Sif Muna
Xom
Zin
Jiyva

Shops:
D:5 %*


Innate Abilities, Weirdness & Mutations

You are resistant to damage.
You can recharge devices by infusing magical energy.
You passively map the area around you.
You do not heal naturally.


Message History

* * * LOW HITPOINT WARNING * * *
You feel very sick.
The killer bee stings you but does no damage. x2
The orc hits you but does no damage.
You slash the orc!
You kill the orc!
Trog accepts your kill.
* * * LOW HITPOINT WARNING * * *
You feel sick.
The killer bee stings you but does no damage. x2
You slice the killer bee!!
You feel the power of Trog in you as your rage grows.
You kill the killer bee!
Trog accepts your kill.
* * * LOW HITPOINT WARNING * * *
You feel very sick. The killer bee barely misses you.
The killer bee stings you.
* * * LOW HITPOINT WARNING * * *
You miss the killer bee.
You die...

* ### *
#........ ,
#......... ,
#.........., ,
#........... ,
, #...........
,,,, ,
#...........
#..k%........ ,
, #...@))......
, ,,
#............,,
, #...........
, #...........
, ,, ,
#.##########***
* ** #.# #.#
#.# #.#


You could see a killer bee.

Vanquished Creatures
  A hippogriff (D:7)
  2 steam dragons (D:6)
  Edmund (D:4)
  Menkaure (D:7)
  2 water moccasins
  The ghost of Charobnjak32 the Magician, an average DEWz of Makhleb (D:4)
  2 orc warriors
  A sky beast (D:7)
  2 centaurs
  3 black bears (D:7)
  3 ogres
  Sigmund (D:2)
  Duvessa (D:5)
  A giant frog (D:5)
  A gnoll sergeant (D:6)
  Blork the orc (D:4)
  2 scorpions (D:5)
  A hippogriff zombie (D:7)
  5 killer bees (D:7)
  Dowan (D:5)
  2 crimson imps
  A jelly (D:5)
  3 hounds
  3 iguanas
  An orange rat (D:7)
  6 orc wizards
  2 worker ants (D:5)
  Jessica (D:3)
  A hound skeleton (D:4)
  9 gnolls
  8 green rats
  10 adders
  A giant mite (D:6)
  An inept feature mimic (D:5)
  A shadow imp (D:5)
  2 worms
  An adder zombie (D:5)
  8 giant geckos
  4 oozes
  22 orcs
  11 bats
  A bat skeleton (D:6)
  2 giant cockroaches
  11 hobgoblins
  2 quokkas
  2 ball pythons (D:1)
  4 giant newts
  9 goblins
  A hobgoblin skeleton (D:4)
  A hobgoblin zombie (D:4)
  6 jackals
  10 kobolds
  A kobold skeleton (D:4)
  18 rats
199 creatures vanquished.

Vanquished Creatures (others)
  4 toadstools (D:1)
4 creatures vanquished.

Grand Total: 203 creatures vanquished

Notes
Turn   | Place    | Note
--------------------------------------------------------------
     0 | D:1      | zercules, the Deep Dwarf Berserker, began the quest for the Orb.
     0 | D:1      | Reached XP level 1. HP: 20/20 MP: 1/1
   644 | D:1      | Reached XP level 2. HP: 20/27 MP: 2/2
   659 | D:1      | Reached skill level 4 in Axes
  1280 | D:2      | Noticed Sigmund
  1293 | D:2      | Killed Sigmund
  1293 | D:2      | Reached skill level 5 in Axes
  1293 | D:2      | Reached XP level 3. HP: 23/33 MP: 3/3
  1293 | D:2      | Reached XP level 4. HP: 28/40 MP: 4/4
  1341 | D:2      | Found a white marble altar of Elyvilon.
  1538 | D:2      | Acquired Trog's second power
  1539 | D:2      | Found a deep blue altar of Sif Muna.
  1551 | D:2      | Reached skill level 6 in Axes
  1794 | D:3      | Found a sparkling altar of Nemelex Xobeh.
  1842 | D:3      | HP: 4/40 [adder (3)]
  1850 | D:3      | Reached XP level 5. HP: 11/46 MP: 5/5
  1907 | D:3      | Noticed Jessica
  1917 | D:3      | Killed Jessica
  2156 | D:3      | Reached skill level 7 in Axes
  2590 | D:4      | Noticed Charobnjak32's ghost (average DEWz)
  2628 | D:4      | Killed Charobnjak32's ghost
  2628 | D:4      | Reached skill level 8 in Axes
  2628 | D:4      | Reached XP level 6. HP: 22/55 MP: 6/6
  2726 | D:4      | Noticed an ogre
  2739 | D:4      | Killed an ogre
  2924 | D:4      | Noticed Edmund
  2941 | D:4      | Killed Edmund
  2941 | D:4      | Reached skill level 9 in Axes
  2941 | D:4      | Reached XP level 7. HP: 61/61 MP: 7/7
  3009 | D:4      | Found a shadowy altar of Dithmenos.
  3033 | D:4      | Noticed Blork the orc
  3058 | D:4      | Killed Blork the orc
  3363 | D:4      | Reached skill level 5 in Maces & Flails
  3464 | D:5      | Entered Level 5 of the Dungeon
  3598 | D:5      | Found a viscous altar of Jiyva.
  3661 | D:5      | Reached XP level 8. HP: 62/68 MP: 8/8
  3678 | D:5      | Noticed Duvessa
  3678 | D:5      | Noticed Dowan
  3950 | D:5      | Reached skill level 10 in Maces & Flails
  4017 | D:5      | Found Zin's Purification Station.
  4017 | D:5      | Found a glowing silver altar of Zin.
  4098 | D:5      | Acquired Trog's third power
  4267 | D:5      | HP: 2/68 [centaur (5)]
  4503 | D:5      | Killed Duvessa
  4503 | D:5      | Gained mutation: You passively map the area around you. [level up]
  4503 | D:5      | Reached XP level 9. HP: 71/74 MP: 8/8
  4526 | D:5      | Killed Dowan
  4717 | D:5      | Reached skill level 11 in Maces & Flails
  4898 | D:5      | Found Pabley's Food Emporium.
  5196 | D:6      | Found a deep blue altar of Sif Muna.
  5272 | D:6      | Reached skill level 1 in Long Blades
  5592 | D:7      | Found a shimmering altar of Xom.
  5614 | D:7      | HP: 7/74 [hippogriff (4)]
  5802 | D:7      | Reached skill level 5 in Long Blades
  5868 | D:7      | Found a staircase to the Ecumenical Temple.
  5902 | D:7      | Noticed Menkaure
  5910 | D:7      | Killed Menkaure
  6146 | D:7      | Found a blossoming altar of Fedhas.
  6309 | D:7      | HP: 11/111 [green rat (2)]
  6501 | D:7      | HP: 9/111 [poisoned by a killer bee]
  6503 | D:7      | HP: 4/111 [poisoned by a killer bee]
  6504 | D:7      | Succumbed to a killer bee's poison

Action                   |  1- 3 |  4- 6 |  7- 9 || total
-------------------------+-------+-------+-------++-------
Melee: Hand axe          |    60 |   296 |       ||   356
       Flail             |       |       |   215 ||   215
       Demon blade       |       |       |   160 ||   160
 Fire: Sling             |       |       |     4 ||     4
Invok: Berserk           |     2 |     4 |     7 ||    13
       Trog's Hand       |       |     2 |     8 ||    10
 Abil: Device Recharging |       |       |     2 ||     2
Evoke: Wand              |     1 |     4 |     7 ||    12
  Use: Scroll            |     1 |     9 |     4 ||    14
       Potion            |     1 |       |     4 ||     5
